[Event "German Bundesliga 2022-23"]
[Site "Germany"]
[Date "2022.10.23"]
[Round "2.8"]
[White "Geirnaert, Steven"]
[Black "Berchtenbreiter, Maximilian"]
[Result "1-0"]
[ECO "D36"]
[WhiteElo "2399"]
[BlackElo "2509"]
[Annotator "TA"]
[PlyCount "81"]
[EventDate "2022.10.21"]
[EventType "team-tourn"]
[EventCountry "GER"]
[SourceTitle "playchess.com"]
[Source "ChessBase"]
[SourceQuality "1"]
[TimeControl "40/6000+30:3000+30"]

1. d4 Nf6 2. c4 e6 3. Nc3 d5 4. cxd5 exd5 5. Bg5 Be7 6. e3 O-O 7. Bd3 Re8 8. Nf3 c6 9. Qc2 Ne4 10. Bf4 Bf5 11. O-O {[%emt 0:20:09] D36: Queen's Gambit Declined: Exchange Variation: Main line (5 Bg5 c6 6 Qc2).} Bf6 {[%emt 0:15:31] [#]} 12. Be5 $146 ({Predecessor:} 12. Ne5 Bxe5 13. Bxe5 Bg6 14. Nxe4 dxe4 15. Bxe4 Bxe4 16. Qxe4 Nd7 17. Qf4 Nxe5 18. dxe5 {0-1 (48) Cayon,L (1648)-Mateus,M (2116) Cali 2017}) 12... Nd7 13. Nxe4 {[%emt 0:01:15] The position is equal.} dxe4 14. Bxe4 Bxe4 15. Qxe4 Qa5 16. Rfd1 (16. b4 $5 Bxe5 17. bxa5 (17. Nxe5 Qc7 $11) 17... Bxh2+ 18. Kxh2 Rxe4 19. Rfc1 $14) 16... Nxe5 17. dxe5 Bxe5 18. Nxe5 Rxe5 19. Qf4 Rf5 (19... Rd5 $5 ) 20. Qd6 Qb6 21. Rd2 h6 22. Rad1 a5 23. g4 Rg5 24. h3 Re8 {[%emt 0:01:38] Against Qe7} 25. Qd4 Qb5 26. Qf4 {[%emt 0:03:14] Strongly threatening Rd8.} Rd5 {[%emt 0:33:35] Prevents Rd8.} ({Black should play} 26... f6 $14) 27. Rxd5 $16 cxd5 {[%emt 0:00:09][%mdl 4096] Endgame KQR-KQR} 28. Qd4 a4 29. Rd2 ({Don't play} 29. Qxd5 Qxb2 30. Rd2 Qb1+ 31. Kg2 b5 $11) 29... Rd8 30. e4 Rc8 ({Better is} 30... a3) 31. exd5 (31. Qxd5 Rc1+ 32. Kh2 (32. Kg2 Qf1+ 33. Kg3 Qg1+ 34. Kf4 Qh2+ 35. Ke3 Qxh3+ 36. f3 Re1+ 37. Re2 Rxe2+ 38. Kxe2 Qg2+ 39. Ke3 Qxb2 $17) 32... Qf1 $15) 31... Rc4 32. Qd3 {[%emt 0:02:03] Hoping for Rd1.} Rc1+ 33. Kg2 Qe8 (33... Qxd3 34. Rxd3 Kf8) 34. d6 {[%emt 0:07:46] [#] And now d7 would win.} Qe1 $2 (34... Qd7 $18 35. Re2 Rc8) 35. d7 {[%emt 0:04:19] White mates.} Qh1+ 36. Kg3 Rg1+ 37. Kh4 {[%emt 0:02:23][%cal Rd7d8] Active counter play!} g6 38. d8=Q+ Kh7 39. Qf6 Rxg4+ 40. Kxg4 Qg2+ 41. Kh4 {[%emt 0:51:41] Weighted Error Value: White=0.10 (very precise) /Black=0.39} 1-0

[Event "German Bundesliga 2022-23"]
[Site "Germany"]
[Date "2022.10.23"]
[Round "2.8"]
[White "Lutz, Ruben"]
[Black "Ribli, Zoltan"]
[Result "1/2-1/2"]
[ECO "D44"]
[WhiteElo "2098"]
[BlackElo "2526"]
[Annotator "TA"]
[PlyCount "56"]
[EventDate "2022.10.21"]
[EventType "team-tourn"]
[EventCountry "GER"]
[SourceTitle "playchess.com"]
[Source "ChessBase"]
[SourceQuality "1"]
[TimeControl "40/6000+30:3000+30"]

1. d4 Nf6 2. Nf3 d5 3. c4 e6 4. Nc3 c6 5. Bg5 dxc4 6. e4 b5 7. e5 h6 8. Bh4 g5 9. Nxg5 hxg5 10. Bxg5 Nbd7 11. g3 Bb7 12. Bg2 Qb6 13. exf6 O-O-O 14. O-O c5 15. d5 b4 16. Na4 Qb5 17. dxe6 Bxg2 18. Kxg2 Qc6+ 19. f3 Qxe6 20. Qc2 Ne5 {[%emt 0:15:33] [#] ...b3 is the strong threat.} 21. Rae1 {[%emt 0:09:12] D44: Semi-Slav: Botvinnik System.} Rd3 {[%emt 0:07:32] [#] An even fight not without its subleties.} (21... Rd4 $11) {Predecessor:} 22. h4 $146 Bd6 23. b3 Qd5 24. bxc4 Nxc4 25. Rd1 Ne5 26. Rxd3 Qxd3 27. Qxd3 Nxd3 28. Rd1 c4 {½-½ (39) Nikolic,P (2490)-Tal,M (2620) Niksic 1983} 1/2-1/2

[Event "German Bundesliga 2022-23"]
[Site "Germany"]
[Date "2022.10.23"]
[Round "2.9"]
[White "Cheparinov, Ivan"]
[Black "Plenca, Julijan"]
[Result "1-0"]
[ECO "C78"]
[WhiteElo "2689"]
[BlackElo "2447"]
[Annotator "TA"]
[PlyCount "75"]
[EventDate "2022.10.21"]
[EventType "team-tourn"]
[EventCountry "GER"]
[SourceTitle "playchess.com"]
[Source "ChessBase"]
[SourceQuality "1"]
[TimeControl "40/6000+30:3000+30"]

1. e4 {[%emt 0:00:03] CB} e5 2. Nf3 Nc6 3. Bb5 a6 4. Ba4 Nf6 5. O-O b5 6. Bb3 Bc5 7. c3 d6 8. d4 Bb6 9. Be3 $1 {[%emt 0:00:06][%mdl 4] is recently more successful than 9.a4.} (9. a4 $5 ) 9... O-O {[%emt 0:08:00] C78: Ruy Lopez: Archangelsk and Möller Defences.} 10. Nbd2 h6 11. h3 Rb8 {[%emt 0:09:35] The position is equal.} 12. Re1 Re8 13. Bc2 Bd7 14. Rc1 Nh7 {[%emt 0:10:12] [#]} 15. Nf1 $146 ({Predecessor:} 15. Bd3 Qf6 16. Nb3 Nf8 17. Kh2 g5 18. d5 Ne7 19. c4 Bxe3 20. Rxe3 c5 21. dxc6 Bxc6 {0-1 (45) Anand,V (2780)-Caruana,F (2757) Zuerich 2013 CBM 153 [CB]}) 15... Na5 16. b3 {[%emt 0:02:52] Prevents Nc4.} c5 17. d5 {[%emt 0:07:46] Against Nc6} h5 18. N3d2 g6 19. c4 Qf6 20. Nh2 Bd8 21. Rf1 Qg7 22. f4 exf4 23. Bxf4 Rb6 24. Kh1 Bf6 (24... g5 $11 25. Be3 g4) 25. Nhf3 $16 g5 26. e5 $1 dxe5 (26... gxf4 $16 {keeps fighting.} 27. Bxh7+ (27. exf6 Nxf6 28. Re1 Rbb8 $11) 27... Kxh7 28. exf6 Qxf6) 27. Be3 (27. Bxh7+ $18 Kxh7 28. Bxg5 $1) 27... g4 28. Bxc5 Rbb8 29. Ng1 Bd8 30. Ne4 $36 {[%emt 0:00:58][%mdl 2048] Strongly threatening Nd6. White is really pushing.} Nb7 31. Ba7 {[%emt 0:07:03] White has more active pieces.} Ra8 {[%emt 0:00:50] [#]} 32. Be3 (32. Bf2 $1 $16) 32... gxh3 $2 {[%emt 0:01:26][%mdl 8192] This move loses the game for Black.} (32... f5 $11 {and Black stays safe.}) 33. gxh3 $18 {[%emt 0:00:31] Black must now prevent Rf2.} f5 34. Qxh5 {[%emt 0:03:00] Chess con chili.} Bf6 (34... Qf7 $142 35. Qxf7+ Kxf7) 35. Ne2 {[%emt 0:02:08] White is clearly winning.} fxe4 36. Rg1 {[%emt 0:00:20][%mdl 64] Zwischenzug} Nd6 37. c5 Nf5 38. Bxe4 {[%emt 0:00:10] Weighted Error Value: White=0.17 (very precise) /Black=0.38} 1-0

[Event "German Bundesliga 2022-23"]
[Site "Germany"]
[Date "2022.10.23"]
[Round "2.9"]
[White "Moussard, Jules"]
[Black "Schroeder, Jan-Christian"]
[Result "1/2-1/2"]
[ECO "C83"]
[WhiteElo "2686"]
[BlackElo "2544"]
[Annotator "TA"]
[PlyCount "200"]
[EventDate "2022.10.21"]
[EventType "team-tourn"]
[EventCountry "GER"]
[SourceTitle "playchess.com"]
[Source "ChessBase"]
[SourceQuality "1"]
[TimeControl "40/6000+30:3000+30"]

1. e4 e5 2. Nf3 Nc6 3. Bb5 a6 4. Ba4 Nf6 5. O-O Nxe4 6. d4 b5 7. Bb3 d5 8. dxe5 Be6 9. c3 Be7 10. Nbd2 Nc5 11. Bc2 d4 12. Nb3 {[%emt 0:00:22][%cal Rf3d4] C83: Open Ruy Lopez: 9 c3 Be7.} d3 13. Bb1 Nxb3 14. axb3 {[%emt 0:00:05] White is slightly better.} Bf5 15. Re1 O-O 16. b4 a5 {[%emt 0:05:48] [#]} (16... Qd7 $14 {is superior.}) 17. bxa5 $1 $16 Rxa5 18. Rxa5 Nxa5 19. Nd4 Bg6 20. Bxd3 Bxd3 21. Qxd3 c5 {[%emt 0:00:14] [#]} 22. Qxb5 $1 {[%emt 0:00:06] Threatens to win with Nf5. White is much more active.} cxd4 {[%emt 0:00:07] [#]} 23. Bd2 Qb8 24. Qxa5 Qxb2 25. cxd4 Qxd4 26. Be3 {[%emt 0:03:22] [#]} Qd7 $146 ({Predecessor:} 26... Qc4 27. Rd1 Qe6 28. Qd5 h5 29. Qxe6 fxe6 30. g3 Rd8 31. Ra1 Rd5 32. f4 Rd3 {½-½ (60) Lomasov,S (2525)-Raja,R (2408) Arandjelovac 2021}) 27. Qa6 Qf5 28. Qb5 h6 29. h3 Rc8 30. Rd1 Bg5 31. Bxg5 hxg5 $14 {[%emt 0:08:12][%mdl 4096] Endgame KQR-KQR} 32. Qe2 Re8 33. Rd5 g6 34. Qe3 Kg7 35. Qd4 {[%emt 0:03:24] And now e6+ would win.} Qf4 36. Qc3 {[%emt 0:09:10] Black must now prevent e6+.} Re6 37. Ra5 Qe4 38. Rc5 Qf4 39. Rb5 Qe4 40. Qg3 Qc4 41. Rb8 Qc7 42. Rb5 Qc4 43. Rb3 Qf4 44. Qxf4 gxf4 $11 {[%emt 0:00:00] KR-KR} 45. Rb5 g5 46. Kf1 f6 47. exf6+ Kxf6 48. f3 Re8 49. Rb4 Kf5 50. Rb2 Re7 51. Re2 Ra7 52. Re1 Ra8 53. Kg1 Ra7 54. Rb1 Rh7 55. Rb6 Rh8 56. Kf2 Ra8 57. Rh6 Ra1 58. h4 gxh4 {[%emt 0:00:00] The position is equal.} 59. Rh5+ Kg6 60. Rxh4 Kg5 61. Rh8 Rb1 62. Re8 Kf5 63. Re1 Rb8 64. Ra1 Rc8 65. Kg1 Rh8 66. Ra5+ Kf6 67. Ra7 Kf5 68. Ra6 Kg5 69. Kf2 Rb8 70. Ra5+ Kg6 71. Rc5 Kf6 72. Rh5 Rb1 73. Rd5 Rb8 74. Rd2 Re8 75. Re2 Ra8 76. Ke1 Kg5 77. Re7 Ra2 78. Re8 Rb2 79. Kf1 Rb1+ 80. Ke2 Kf5 81. Kd3 Rd1+ 82. Kc3 Rd7 83. Re2 Rd8 84. Rb2 Ke5 85. Ra2 Kf5 86. Kc4 Kg5 87. Ra5+ Kf6 88. Rh5 Rd2 89. Rh2 Rd8 90. Rh4 Kf5 91. Rg4 Ke5 92. Kb5 Rc8 93. Kb6 Rc2 94. Rg7 Kf5 95. g3 fxg3 96. Rxg3 Kf4 97. Rh3 Rf2 98. Rh8 Rxf3 99. Rf8+ Kg3 100. Rxf3+ Kxf3 {[%emt 0:00:05] Weighted Error Value: White=0.05 (flawless) /Black=0.04 (flawless)} 1/2-1/2

[Event "German Bundesliga 2022-23"]
[Site "Germany"]
[Date "2022.10.23"]
[Round "2.9"]
[White "McShane, Luke J"]
[Black "Harikrishna, Pentala"]
[Result "1-0"]
[ECO "C68"]
[WhiteElo "2653"]
[BlackElo "2717"]
[Annotator "TA"]
[PlyCount "103"]
[EventDate "2022.10.21"]
[EventType "team-tourn"]
[EventCountry "GER"]
[SourceTitle "playchess.com"]
[Source "ChessBase"]
[SourceQuality "1"]
[TimeControl "40/6000+30:3000+30"]

1. e4 e5 2. Nf3 Nc6 3. Bb5 a6 4. Bxc6 dxc6 5. O-O Qf6 6. d4 {[%emt 0:00:20] C68: Ruy Lopez: Exchange Variation, sidelines.} exd4 7. Bg5 Qd6 8. Nxd4 {[%emt 0:00:07] White has an edge.} Be7 {[%emt 0:00:32] 8...Be7 scores better than 8...Bd7.} 9. Be3 Nh6 10. f3 {[%emt 0:02:36] Prevents Ng4.} f5 11. Nc3 O-O 12. Qe2 fxe4 (12... f4 $5 13. Bf2 Nf7 $11) 13. Nxe4 Qg6 {[%emt 0:00:09] [#]} 14. Rfe1 $5 $146 {[%emt 0:24:40][%mdl 8] New and interesting.} ({Predecessor:} 14. Bf2 Nf5 15. Nxf5 Bxf5 16. Bg3 Bd6 17. Nxd6 cxd6 18. Qe7 Rf7 19. Qxd6 Qxd6 20. Bxd6 Bxc2 {½-½ (38) Luther,T (2567)-Geske,J (2398) Germany 2015}) 14... Nf5 15. Bf2 $36 {[%emt 0:02:39][%mdl 2048] White has some pressure.} Nxd4 16. Bxd4 Re8 17. Ng3 Kf7 18. Qe5 Be6 19. Nh5 {[%emt 0:10:03] [#] Nf4 is the strong threat. White is more active.} Bf6 20. Nxf6 ({Avoid the trap} 20. Qxc7+ $2 Re7 21. Qxe7+ Bxe7 $17) 20... gxf6 21. Qxc7+ Re7 22. Qf4 Qf5 23. Re4 Qxf4 24. Rxf4 f5 25. Re1 Rd8 26. g4 Bc8 27. Rxe7+ Kxe7 $16 {[%emt 0:00:06][%mdl 4096] Endgame KRB-KRB} 28. g5 {[%emt 0:05:35] Hoping for Bf6+.} Kf8 29. Rh4 Be6 30. a4 Rd7 31. Kf2 Kg8 32. Ke3 Rd5 33. f4 c5 34. Be5 Bd7 35. a5 Rd1 36. Rh6 Bc6 37. h4 Rh1 38. h5 Be8 39. Rb6 Bc6 40. h6 Kf7 41. Kd2 Ra1 42. Rb3 {[%emt 0:05:34] Strongly threatening Rd3.} Rxa5 43. Rg3 {[%emt 0:01:22][%cal Og5g6] Intending g6+! and mate.} Kg6 $2 {[%emt 0:00:52] [#] Loses the game.} (43... c4 $16) 44. Rd3 $1 $18 {[%emt 0:00:07] Black must now prevent Rd6+.} Be8 45. Rd8 Bf7 46. Rd6+ Kh5 47. Rd7 Bg6 (47... Kg6 $142 48. Rxb7 Rb5) 48. Rxb7 {[%emt 0:00:04] White is clearly winning.} Rb5 49. Ra7 Ra5 50. Kc3 Ra4 51. Rc7 Kg4 52. Rc6 {[%emt 0:00:43] Weighted Error Value: White=0.07 (flawless) /Black=0.19 (very precise)} 1-0

[Event "German Bundesliga 2022-23"]
[Site "Germany"]
[Date "2022.10.23"]
[Round "2.10"]
[White "Korobov, Anton"]
[Black "Sedlak, Nikola"]
[Result "1/2-1/2"]
[ECO "D12"]
[WhiteElo "2672"]
[BlackElo "2472"]
[Annotator "TA"]
[PlyCount "110"]
[EventDate "2022.10.21"]
[EventType "team-tourn"]
[EventCountry "GER"]
[SourceTitle "playchess.com"]
[Source "ChessBase"]
[SourceQuality "1"]
[TimeControl "40/6000+30:3000+30"]

1. d4 d5 2. c4 c6 3. Nf3 Nf6 4. e3 Bf5 5. Nc3 e6 6. Nh4 Bg6 7. Nxg6 hxg6 8. Bd2 {[%emt 0:00:22] D12: Slav Defence: 3 Nf3 Nf6 4 e3 Bf5.} Nbd7 9. g3 {[%emt 0:01:09] 9.g3 has become a bit dusty these days.} Be7 10. b3 e5 (10... Ba3 {feels hotter.} 11. Bg2 Bb2 12. Rb1 Bxc3 13. Bxc3 Ne4) 11. cxd5 (11. Bg2 {is interesting.} exd4 12. exd4 Nf8 13. cxd5 cxd5 14. Qf3) 11... exd4 12. exd4 {[%emt 0:03:03] Black should prevent dxc6.} Nxd5 13. Nxd5 cxd5 14. Bg2 Nf6 15. O-O O-O 16. Re1 Re8 {[%emt 0:01:43] [#]} 17. Rc1 $146 ({Predecessor:} 17. Bf4 Qd7 18. Qd3 Bb4 19. Rxe8+ Rxe8 20. Be5 Qc6 21. a3 Bf8 22. a4 a6 23. Bf3 {½-½ (58) Sasikiran,K (2652)-Malakhatko,V (2556) Vlissingen 2005}) 17... Qb6 18. Bf4 Bd6 19. Rxe8+ Rxe8 20. Be3 Ne4 21. Qd3 a6 22. Bf3 Qd8 23. Kg2 Qe7 24. Rc2 Qe6 25. b4 Qf5 26. Qb3 g5 27. b5 g4 28. Be2 a5 (28... Qh5 29. bxa6 bxa6 30. Qa4 $16) 29. b6 Bb4 30. Qd3 Be1 31. Bf1 Re6 32. Qd1 $1 Bb4 33. Be2 Rg6 ({Don't do} 33... Rxb6 34. Bxg4 Qg6 35. Rc8+ Bf8 36. Ra8 $16) 34. Kg1 Kh7 35. Kg2 a4 36. Bd3 Rxb6 37. Rb2 {[%emt 0:00:24] [#] Qb1 is the strong threat.} Ba5 38. Rxb6 {[%emt 0:00:11] The board is on fire.} Bxb6 39. Qxa4 g6 40. Qb3 Qe6 41. a4 Kg7 42. Qb4 Qd6 43. Qb5 (43. Qb2 $5 Qe6 44. Kf1 $14) 43... Qe6 44. Kf1 {[%emt 0:00:00] [#] aiming for Bxe4.} (44. Qb2 {looks sharper.} Kh7 45. Qb4 Qd6 46. Qb3) 44... Nf6 45. a5 Bc7 {[%emt 0:00:17] The position is equal.} 46. Bd2 Ne4 47. Be1 Nd6 48. Qc5 Bd8 49. Bb4 Be7 50. Qc7 $36 {[%emt 0:00:00][%mdl 2048] White has good play.} Qf6 51. Kg1 Ne4 52. Bxe4 ({Reject} 52. Qxe7 Qxf2+ 53. Kh1 Qf3+ 54. Kg1 Nf2 55. Qf8+ (55. Bf1 Nh3+ 56. Bxh3 gxh3 57. Qe5+ Kh7 $19) 55... Kh7 56. Bxg6+ (56. Bf1 Nh3+ 57. Bxh3 gxh3) 56... Kxg6 57. Qg8+ Kf6 58. Qh8+ Kg6 59. Qg8+ Kf6 60. Qd8+ Kf5 61. Qc8+ Ke4 62. Qc2+ Nd3 $19) 52... Bxb4 53. Bxd5 Be1 54. Qf4 {[%emt 0:00:00] Active counter play!} Qxf4 55. gxf4 Bxa5 {[%emt 0:00:05] Weighted Error Value: White=0.05 (flawless) /Black=0.05 (flawless)} 1/2-1/2

[Event "German Bundesliga 2022-23"]
[Site "Germany"]
[Date "2022.10.23"]
[Round "2.10"]
[White "Ragger, Markus"]
[Black "Fressinet, Laurent"]
[Result "1/2-1/2"]
[ECO "C54"]
[WhiteElo "2632"]
[BlackElo "2622"]
[Annotator "TA"]
[PlyCount "44"]
[EventDate "2022.10.21"]
[EventType "team-tourn"]
[EventCountry "GER"]
[SourceTitle "playchess.com"]
[Source "ChessBase"]
[SourceQuality "1"]
[TimeControl "40/6000+30:3000+30"]

1. e4 e5 2. Nf3 Nc6 3. Bc4 Bc5 4. c3 Nf6 5. d4 exd4 6. e5 d5 7. Bb5 Ne4 8. cxd4 Bb6 9. Nc3 O-O {[%emt 0:05:37] The position is equal.} 10. Be3 {[%emt 0:00:59] C54: Giuoco Piano: 4 c3 Nf6, main lines with 5 d4 and 5 d3.} Bg4 11. h3 Bh5 12. Qc2 Bg6 {[%emt 0:03:22] [#] And now ...Nxc3 would win. 12...Nxc3 is more advanced technology.} 13. Qb3 Ne7 14. O-O c6 15. Bd3 Nd2 16. Nxd2 {[%emt 0:01:50] [#] Bxg6 is the strong threat.} Bxd3 17. Rfe1 Bf5 $5 {[%emt 0:06:29][%mdl 4] A promising side line.} 18. Na4 Ng6 19. Rac1 f6 {[%emt 0:07:59] [#]} 20. Nxb6 $146 ({Predecessor:} 20. Nc5 fxe5 21. Nxb7 Qf6 22. dxe5 Nxe5 23. Nc5 Bxc5 24. Bxc5 {0-1 (40) Robson,R (2681)-Aronian,L (2785) Saint Louis 2022}) 20... Qxb6 21. exf6 Rxf6 22. Qxb6 axb6 {[%emt 0:00:10] A balanced but interesting game.  Weighted Error Value: White=0.03 (flawless) /Black=0.02 (flawless)} 1/2-1/2

[Event "German Bundesliga 2022-23"]
[Site "Germany"]
[Date "2022.10.23"]
[Round "2.10"]
[White "Kraemer, Martin"]
[Black "Bluebaum, Matthias"]
[Result "0-1"]
[ECO "E06"]
[WhiteElo "2579"]
[BlackElo "2647"]
[Annotator "TA"]
[PlyCount "126"]
[EventDate "2022.10.21"]
[EventType "team-tourn"]
[EventCountry "GER"]
[SourceTitle "playchess.com"]
[Source "ChessBase"]
[SourceQuality "1"]
[TimeControl "40/6000+30:3000+30"]

1. Nf3 d5 2. g3 Nf6 3. Bg2 e6 4. O-O Be7 5. d4 O-O 6. c4 c6 7. Nc3 a5 {[%emt 0:00:34] E06: Closed Catalan: Early deviations.} 8. b3 b6 9. Qd3 Ba6 {[%emt 0:04:19] The position is equal.} 10. Rd1 b5 11. cxb5 cxb5 12. Nxb5 Qb6 13. a4 Nc6 {[%emt 0:00:02] [#]} 14. Bg5 $146 ({Predecessor:} 14. Ne1 Na7 15. Ba3 Bxa3 16. Rxa3 Nxb5 17. axb5 Bxb5 18. Qd2 Rfb8 19. Rda1 Bc6 20. Qc3 {½-½ (46) Injac,T (2389)-Krasteva,B (2269) Prague 2022}) 14... Na7 15. Bxf6 Bxf6 16. e3 Nxb5 17. axb5 Bxb5 18. Qd2 Rfb8 19. Rdb1 Be7 20. Qd1 Ra7 21. Bf1 Be8 22. Bd3 Rc7 23. Rc1 ({Better is} 23. Ne1 $15) 23... Rbc8 (23... Rxc1 $17 24. Rxc1 Qxb3) 24. Rxc7 $15 Rxc7 25. e4 (25. Qd2 $15) 25... dxe4 $17 {[%emt 0:04:36] White is now going downhill.} 26. Bxe4 Rc3 27. Rc1 (27. Ne5 $142) 27... Rxc1 $1 {[%emt 0:05:05] Black has more active pieces.} ({Resist} 27... Qxb3 28. Qxb3 Rxb3 29. Rc8 $18) (27... Rxb3 28. Rc8 Kf8 29. Ne5 $16) 28. Qxc1 Qxb3 29. Qc8 Qa4 30. Ne5 Bf8 31. Nc6 Bxc6 32. Bxc6 Qxd4 {[%emt 0:00:20] Hoping for ...a4.} 33. Qd7 Qxd7 34. Bxd7 $19 {[%emt 0:00:02][%mdl 4096] Endgame KB-KB} Bc5 35. Kf1 Kf8 36. Ke2 Ke7 37. Ba4 Kd6 38. f3 Kd5 39. Kd3 {[%emt 0:01:22] [#]} (39. Be8 $17) 39... Bg1 $1 40. h3 Bf2 41. g4 Ke5 42. Be8 f6 43. Bd7 $2 {[%emt 0:00:23] [#]} (43. Ke2 Bb6 44. Bd7) 43... g5 $1 44. Ke2 Bb6 45. Kd3 $2 (45. Kf1) 45... Kf4 {[%emt 0:00:00] Black is clearly winning.} 46. Ke2 e5 47. Bc6 Kg3 48. Kd3 Kxh3 49. Ke4 Kg3 50. Kf5 Bd4 51. Ke4 Kf2 52. Bb5 Bb6 53. Ba4 Ke2 {[%emt 0:00:00] aiming for ...Be3.} 54. Bb5+ Kd2 55. Bc6 Kc3 56. Bd7 Kb4 57. Kd3 a4 58. Be6 a3 59. Kc2 Bd4 {[%emt 0:00:00][%cal Of6f5] Strongly threatening ...f5!} 60. Kd3 f5 61. gxf5 h5 62. f6 h4 {[%emt 0:00:00][%cal Oh4h3] And now ...h3! would win.} 63. Kc2 Bc5 {[%emt 0:00:00] Weighted Error Value: White=0.74/Black=0.02 (flawless)} 0-1

[Event "German Bundesliga 2022-23"]
[Site "Germany"]
[Date "2022.10.23"]
[Round "2.10"]
[White "Krassowizkij, Jaroslaw"]
[Black "Bjerre, Jonas Buhl"]
[Result "0-1"]
[ECO "E49"]
[WhiteElo "2439"]
[BlackElo "2612"]
[Annotator "RC"]
[PlyCount "112"]
[EventDate "2022.10.21"]
[EventType "team-tourn"]
[EventCountry "GER"]
[SourceTitle "playchess.com"]
[Source "ChessBase"]
[SourceQuality "1"]
[TimeControl "40/6000+30:3000+30"]

1. c4 e6 2. Nc3 d5 3. d4 Bb4 4. e3 Nf6 5. a3 Bxc3+ 6. bxc3 c5 7. cxd5 exd5 8. Bd3 O-O 9. Ne2 b6 10. O-O Ba6 11. f3 Bxd3 12. Qxd3 Re8 13. Ng3 Nc6 14. Bb2 h5 15. Rae1 h4 16. Nh1 Qd7 17. Nf2 Rad8 18. e4 cxd4 19. cxd4 dxe4 20. fxe4 Nxd4 21. e5 Ne6 22. Qc4 Nd5 23. Qxh4 Ndf4 24. Ne4 Qb5 25. Qf2 Re7 26. Nd6 Qc5 27. Qxc5 bxc5 28. Re4 Rb8 29. Bc1 Nd3 30. Rd1 Rb3 31. Nc4 Nd4 32. Bg5 f6 33. Re3 Nxe5 34. Rxb3 Nxb3 35. Nxe5 Rxe5 36. Bf4 Re4 37. Bb8 Ra4 38. Rd8+ Kh7 39. Rd3 c4 40. Rh3+ Kg8 41. Bd6 Nd4 42. Kf2 Nb5 43. Bc5 c3 44. Ke2 c2 45. Be3 Rxa3 46. Kd2 Rc3 47. Kc1 Kf7 48. Rf3 Ke6 49. h4 a6 50. h5 Kd5 51. h6 gxh6 52. Bxh6 Rxf3 53. gxf3 Nd4 54. Bg7 f5 55. f4 Kc4 56. Kd2 a5 0-1

[Event "German Bundesliga 2022-23"]
[Site "Germany"]
[Date "2022.10.23"]
[Round "2.11"]
[White "Efimenko, Zahar"]
[Black "L'Ami, Erwin"]
[Result "1/2-1/2"]
[ECO "A05"]
[WhiteElo "2599"]
[BlackElo "2617"]
[Annotator "TA"]
[PlyCount "53"]
[EventDate "2022.10.21"]
[EventType "team-tourn"]
[EventCountry "GER"]
[SourceTitle "playchess.com"]
[Source "ChessBase"]
[SourceQuality "1"]
[TimeControl "40/6000+30:3000+30"]

1. Nf3 Nf6 2. g3 g6 3. Bg2 Bg7 4. O-O O-O 5. d4 d6 6. Nc3 d5 {[%emt 0:08:08] A49: 1 d4 Nf6 2 Nf3 g6 3 g3: Anti-King's Indian systems.} 7. a4 a5 {[%emt 0:04:59] The position is equal.} 8. Bf4 c6 9. Re1 Bf5 {[%emt 0:05:38] Against e4} 10. Ne5 Nbd7 11. e4 {[%emt 0:06:52] [#]} dxe4 $146 ({Predecessor:} 11... Nxe4 12. Nxe4 Bxe4 13. Bxe4 dxe4 14. Rxe4 Nf6 15. Re1 Nd5 16. Bd2 Qc8 17. Qf3 Nf6 {½-½ (38) Stefanou,D (1975)-Kouvidis,I (2053) Patras 2019}) 12. Nxe4 Nxe5 13. Bxe5 Nxe4 14. Bxe4 Bxe5 15. dxe5 Qxd1 16. Raxd1 Be6 17. f4 Rfd8 18. Kf2 Kf8 19. Ke3 Ke8 20. h4 h5 21. b3 Bg4 22. Rd4 Rxd4 23. Kxd4 Kd7 24. Re3 Rd8 25. Rd3 {[%emt 0:02:16] Threatens to win with Kc5+.} Kc7+ 26. Ke3 Rg8 27. Rd2 {[%emt 0:01:39] An interesting draw.  Weighted Error Value: White=0.06 (flawless) /Black=0.01 (flawless)} 1/2-1/2

[Event "German Bundesliga 2022-23"]
[Site "Germany"]
[Date "2022.10.23"]
[Round "2.11"]
[White "Heimann, Andreas"]
[Black "Baldauf, Marco"]
[Result "1/2-1/2"]
[ECO "B11"]
[WhiteElo "2573"]
[BlackElo "2506"]
[Annotator "TA"]
[PlyCount "65"]
[EventDate "2022.10.21"]
[EventType "team-tourn"]
[EventCountry "GER"]
[SourceTitle "playchess.com"]
[Source "ChessBase"]
[SourceQuality "1"]
[TimeControl "40/6000+30:3000+30"]

1. e4 c6 2. Nc3 d5 3. Nf3 dxe4 4. Nxe4 Nf6 5. Qe2 Nxe4 6. Qxe4 Qd5 {[%emt 0:01:26] B11: Caro-Kann: Two Knights Variation.} 7. Qh4 Qe6+ 8. Be2 Qg4 9. Qg3 Qxg3 10. hxg3 g6 11. d4 h5 {[%emt 0:18:34] [#]} 12. Ne5 $146 ({Predecessor:} 12. Bg5 Bg7 13. O-O-O Bg4 14. Rhe1 e6 15. Ne5 Bxe2 16. Rxe2 O-O 17. g4 hxg4 18. Nxg4 {½-½ (48) Mamedov,R (2659)-Nihal,S (2612) Moscow 2019}) 12... Bg7 13. Bc4 Rf8 14. Bf4 Nd7 15. Nxd7 Bxd7 16. O-O-O O-O-O 17. Rhe1 Bf6 18. Be5 Bxe5 19. Rxe5 Rde8 20. Rde1 Kd8 21. b4 f6 22. R5e2 Bf5 23. d5 Kd7 (23... b5 $14 24. Bb3 cxd5) 24. dxc6+ $16 bxc6 25. Rd2+ Kc7 {[%emt 0:00:43] [#]} 26. Be6 $1 Bxe6 27. Rxe6 {[%emt 0:00:06][%mdl 4096] Endgame KRR-KRR} Rf7 28. Rd4 Rb8 29. a4 a5 30. c3 {[%emt 0:00:16] aiming for Rc4.} ({Don't do} 30. bxa5 Ra8 $14) 30... Rb6 {[%emt 0:01:54][%cal Oc6c5] [#]} 31. Kc2 {[%emt 0:02:53] White has more active pieces.} ({Much less strong is} 31. bxa5 Ra6 $14) (31. Rde4 $1 $16) 31... axb4 $11 32. cxb4 c5 $1 33. Rd7+ {[%emt 0:04:38] Weighted Error Value: White=0.13 (very precise) /Black=0.07 (flawless)} 1/2-1/2